Map: Tourmaline LE

Players

HeroMarine - Winner!

  • Race: Terran Terran
  • Spawn Location: 7:00

Krystianer

  • Race: Protoss Protoss
  • League: Grandmaster
  • Spawn Location: 1:00

VOD

Have the link to the VOD?

Description

Time

  • Played on: Jan. 31, 2026, 9:02 a.m.
  • Length: 8:48
Show
View Real Time Build Order
Export as new Build Order

HeroMarine Terran - Winner!

Build Orders:  

Get SALT Encoding   

  12  0:00  SCV  
  13  0:12  SCV  
  14  0:16  Supply Depot  
  14  0:24  SCV  
  15  0:38  SCV  
  15  0:40  Barracks  
  15  0:42  Refinery  
  16  0:50  SCV  
  16  0:52  Refinery  
  17  1:02  SCV  
  18  1:14  SCV  
  19  1:27  Orbital Command  
  19  1:28  Reaper  
  20  1:39  Factory  
  20  1:45  Supply Depot  
  20  1:53  SCV  
  21  2:00  Reaper  
  22  2:05  SCV  
  23  2:15  Command Center  
  23  2:17  SCV  
  24  2:23  Hellion  
  27  2:30  SCV  
  27  2:32  Reaper  
  28  2:37  Supply Depot  
  28  2:42  SCV  
  29  2:44  Hellion  
  29  2:51  Starport  
  31  2:59  SCV  
  31  3:05  Barracks Reactor  
  32  3:06  Widow Mine  
  32  3:11  SCV  
  35  3:23  SCV  
  36  3:29  Medivac  
  36  3:30  Widow Mine, Orbital Command  
  40  3:35  SCV  
  41  3:42  Marine x2  
  41  3:47  SCV  
  44  3:53  Factory Tech Lab  
  40  3:56  SCV  
  40  3:57  Bunker  
  40  4:00  SCV, Marine x2  
  43  4:04  Starport Tech Lab  
  43  4:08  SCV  
  43  4:12  SCV  
  44  4:18  Marine x2, Siege Tank  
  44  4:20  SCV  
  44  4:22  Barracks  
  44  4:23  Raven  
  44  4:24  SCV  
  52  4:26  Supply Depot  
  52  4:32  SCV  
  52  4:33  Barracks  
  52  4:35  Marine  
  54  4:48  Marine, SCV x2  
  54  4:52  Siege Tank  
  58  4:53  Marine  
  58  4:56  Supply Depot  
  58  4:58  Supply Depot  
  57  5:00  SCV x2  
  57  5:04  Engineering Bay  
  57  5:06  Marine, Refinery  
  60  5:10  Supply Depot  
  60  5:12  SCV x2  
  62  5:17  Marine  
  62  5:19  Stimpack  
  63  5:23  Marine  
  63  5:24  SCV x2  
  66  5:32  Marauder  
  66  5:35  Factory Reactor, Terran Infantry Weapons Level 1  
  66  5:36  SCV x2  
  66  5:37  Refinery  
  68  5:43  Marauder  
  68  5:44  Marine x2  
  68  5:45  Starport Reactor  
  68  5:47  Supply Depot  
  68  5:48  SCV x2  
  74  5:54  Combat Shield  
  74  5:58  Marauder  
  74  6:00  Command Center  
  74  6:01  SCV x2  
  74  6:03  Marine x2  
  80  6:09  Supply Depot, Marauder  
  82  6:18  Widow Mine x2  
  88  6:20  Marauder  
  88  6:22  Marine  
  88  6:25  Marine, Barracks  
  89  6:26  Barracks  
  89  6:28  SCV x2  
  90  6:34  Medivac x2  
  90  6:36  Marauder  
  96  6:40  SCV x2  
  96  6:41  Marauder  
  96  6:43  Marine  
  101  6:48  Missile Turret x2  
  99  6:57  Marauder  
  99  7:01  Marine  
  102  7:04  Marine  
  101  7:08  Supply Depot  
  101  7:09  Supply Depot  
  101  7:12  Medivac, Marauder, Widow Mine x2, SCV x2  
  101  7:15  Barracks Reactor  
  111  7:16  Barracks Tech Lab  
  111  7:19  Marauder  
  113  7:24  Marine x2, SCV  
  113  7:25  SCV, Concussive Shells  
  114  7:34  Marauder  
  114  7:37  SCV, Missile Turret  
  117  7:40  Marauder  
  117  7:41  Orbital Command  
  117  7:42  Marine, SCV  
  121  7:49  SCV  
  122  7:54  SCV  
  122  7:55  Marauder  
  125  8:01  SCV, Marauder  
  125  8:02  Marauder  
  125  8:03  Marine x2  
  122  8:12  Marine x2  
  111  8:15  SCV  
  111  8:16  SCV, Medivac x2, Widow Mine x2, Marauder  
  119  8:21  Marine x2  
  119  8:23  Marauder  
  119  8:24  Marauder  
  124  8:33  SCV x2  
  125  8:34  SCV  
Show
View Real Time Build Order
Export as new Build Order

Krystianer Protoss 

Build Orders: 1 Gate Expand, Blink Stalkers, Zealot Archon 

Get SALT Encoding   

  12  0:00  Probe  
  13  0:12  Probe  
  14  0:19  Pylon  
  14  0:23  Probe  
  15  0:33  Probe  
  15  0:37  Gateway  
  15  0:41  Probe  
  16  0:46  Assimilator  
  17  0:52  Probe  
  18  1:04  Probe  
  19  1:16  Probe  
  20  1:23  Cybernetics Core  
  20  1:31  Nexus  
  20  1:34  Probe  
  21  1:41  Pylon  
  21  1:46  Probe  
  22  1:48  Assimilator  
  22  1:50  Adept  
  22  1:58  Probe  
  22  2:01  Warp Gate  
  25  2:09  Adept  
  25  2:10  Probe  
  28  2:23  Twilight Council  
  28  2:24  Probe  
  29  2:37  Probe  
  30  2:39  Stalker  
  30  2:43  Probe  
  33  2:49  Probe  
  34  2:55  Probe  
  35  2:59  Shield Battery  
  35  3:01  Probe  
  35  3:03  Blink  
  36  3:05  Stalker  
  36  3:07  Probe  
  39  3:13  Probe  
  39  3:19  Probe  
  41  3:26  Gateway  
  41  3:30  Probe  
  41  3:31  Probe  
  35  3:42  Probe  
  35  3:43  Probe  
  35  3:48  Stalker  
  33  3:50  Probe  
  33  3:55  Probe  
  33  3:56  Robotics Facility  
  33  3:58  Probe  
  34  4:07  Probe  
  34  4:09  Probe  
  35  4:11  Stalker  
  38  4:17  Probe  
  38  4:19  Probe  
  38  4:23  Robotics Facility  
  40  4:25  Probe  
  41  4:32  Nexus  
  41  4:34  Probe  
  41  4:37  Probe  
  43  4:46  Probe  
  44  4:58  Probe  
  43  5:00  Pylon  
  43  5:01  Probe  
  44  5:08  Assimilator  
  44  5:10  Probe  
  44  5:13  Assimilator  
  46  5:18  Probe  
  46  5:19  Dark Shrine  
  46  5:20  Probe, Gateway  
  46  5:23  Charge  
  46  5:26  Probe  
  46  5:28  Probe  
  49  5:36  Probe  
  49  5:38  Gateway  
  49  5:39  Probe  
  50  5:43  Stalker  
  50  5:48  Stalker, Probe  
  50  5:49  Probe  
  53  5:51  Probe  
  55  5:57  Pylon  
  55  5:58  Probe  
  55  6:00  Probe x2  
  58  6:08  Probe  
  58  6:10  Gateway  
  59  6:12  Probe  
  59  6:14  Probe  
  59  6:15  Gateway  
  61  6:19  Probe  
  61  6:25  Probe  
  63  6:30  Dark Templar  
  63  6:31  Dark Templar  
  67  6:35  Gateway, Stalker  
  67  6:39  Stalker  
  71  6:40  Probe  
  71  6:44  Probe  
  73  6:49  Probe  
  73  6:52  Probe  
  73  6:56  Pylon  
  73  6:57  Probe  
  73  7:00  Gateway  
  74  7:02  Gateway  
  74  7:03  Dark Templar  
  74  7:06  Pylon  
  74  7:07  Pylon  
  76  7:10  Pylon  
  76  7:15  Pylon  
  76  7:18  Shield Battery  
  76  7:30  Dark Templar x2  
  76  7:31  Zealot x4  
  76  7:34  Archon  
  86  7:37  Archon  
  86  7:38  Zealot  
  86  7:39  Probe  
  86  7:43  Pylon  
  86  7:51  Zealot x4  
  86  7:53  Probe  
  86  7:56  Zealot  
  86  7:57  Probe  
  90  7:59  Zealot x2  
  90  8:02  Zealot x2  
  90  8:03  Probe  
  81  8:12  Zealot x3  
  72  8:15  Zealot  
  70  8:24  Stalker x2  
  72  8:30  Stalker x2  
  72  8:32  Zealot  
  72  8:33  Zealot  
Tags
 
Add a new tag
Caveats
  • Supply blocks, unpowered buildings, or Contaminate may cause inaccurate times.
  • Supply counts are checked every 10 seconds.